 Dungeon Crawl Stone Soup version 0.20.2-3-g29329e0561 (webtiles) character file.

1488 Alfie the Cutter (level 8, 0/70 HPs)
             Began as a Hill Orc Fighter on Oct 12, 2023.
             Slain by a centaur
             ... wielding a cursed -3 shortbow
              (5 damage)
             ... on level 5 of the Dungeon.
             The game lasted 00:11:12 (4427 turns).

Alfie the Cutter (Hill Orc Fighter)                 Turns: 4427, Time: 00:11:12

Health: 0/70       AC:  7    Str: 21    XL:     8   Next: 80%
Magic:  0/8        EV:  8    Int:  8    God:
Gold:   262        SH: 10    Dex: 10    Spells: 7/7 levels left

rFire    . . .     SeeInvis .   a - +2 rapier
rCold    . . .     Gourm    .   c - +0 shield
rNeg     . . .     Faith    .   b - +0 scale mail
rPois    .         Spirit   +   (helmet restricted)
rElec    .         Reflect  .   (no cloak)
rCorr    .         Harm     .   (no gloves)
MR       .....                  (no boots)
Stlth    ..........             r - amulet of guardian spirit
Regen    0.3/turn               (no ring)
MPRegen  0.2/turn               (no ring)

@: no status effects
A: horns 1, sense surroundings 1
a: no special abilities


You were on level 5 of the Dungeon.
You were not hungry.

You visited 1 branch of the dungeon, and saw 5 of its levels.

You collected 262 gold pieces.

Inventory:

Hand Weapons
 a - a +2 rapier (weapon)
Missiles
 g - 3 tomahawks (quivered)
Armour
 b - a +0 scale mail (worn)
 c - a +0 shield (worn)
 s - a +0 helmet
Jewellery
 f - a +3 ring of intelligence {unknown}
 r - an amulet of guardian spirit (around neck)
Wands
 k - a wand of clouds (4/9)
 m - a wand of confusion (21/48)
 v - a wand of digging (7/24)
Scrolls
 d - a scroll of recharging
 j - 3 scrolls of blinking
 l - 2 scrolls of teleportation
 p - a scroll of fear {unknown}
 q - a scroll of enchant armour {unknown}
Potions
 e - 4 potions of mutation
 n - a potion of invisibility
 t - 2 potions of cancellation
 u - a potion of heal wounds {unknown}
Books
 w - a book of Maledictions

   Spells                             Type                      Level
   a - Corona                         Hexes                        1
   b - Ensorcelled Hibernation        Hexes/Ice                    2
   c - Confuse                        Hexes                        3
   d - Tukima's Dance                 Hexes                        3
   e - Dazzling Spray                 Conjuration/Hexes            3
 x - a book of Summonings

   Spells                             Type                      Level
   a - Recall                         Summoning/Translocation      3
   b - Aura of Abjuration             Summoning                    5
   c - Summon Demon                   Summoning                    5
   d - Summon Forest                  Summoning/Translocation      5
   e - Summon Mana Viper              Hexes/Summoning              5
   f - Shadow Creatures               Summoning                    6
Comestibles
 h - 2 meat rations
 i - a royal jelly
 o - a bread ration


   Skills:
 + Level 6.3 Fighting
 + Level 6.6 Short Blades
 + Level 6.3 Armour
 + Level 2.0 Dodging
 + Level 0.1 Stealth
 + Level 6.1 Shields


You had 7 spell levels left.
You didn't know any spells.

Dungeon Overview and Level Annotations

Branches:
Dungeon (5/15)
 Temple: D:4-7

Altars:
Dithmenos
Elyvilon
Kikubaaqudgha
Makhleb
Ru
Yredelemnul
Zin

Annotations:
D:5 2 runed doors


Innate Abilities, Weirdness & Mutations

You have a pair of small horns on your head.
You passively map a small area around you.


Message History

The centaur hits you with an enchanted shortbow.
* * * LOW HITPOINT WARNING * * *
The centaur hits you with an enchanted shortbow.
* * * LOW HITPOINT WARNING * * *
You block the centaur's attack.
Things that are here:
a giant club; an ogre corpse You hit the centaur.
Your headbutt misses the centaur.
The centaur is moderately wounded.
The centaur hits you with an enchanted shortbow.
* * * LOW HITPOINT WARNING * * *
You hit the centaur but do no damage. Your headbutt misses the centaur.
The centaur is moderately wounded.
You block the centaur's attack.
You barely miss the centaur.
The centaur is moderately wounded.
The centaur hits you with an enchanted shortbow.
* * * LOW HITPOINT WARNING * * *
The centaur hits you with an enchanted shortbow.
You die...

........##'##....##8()8##.....#
##...............#8....8#....####
.#...............'......+)...##..
.#..............('..c...+........
.#..............(#8....8#........
.#...............##8|:8##........
##.........<......# ####.....##..
..............###(# #'###..###
.............##.@.######.#.##....
..).....####.#.#c##)##.##.#.#....
........#....#.##.#.##..###.#....
..#######....#.#.##.####..#.#....
..#.....+....#.###..##.##.#.#....
..'....##....##†...####...)##.##+
..#....##.....######..######.....
..#.....+........................
..#.....#........#......#........


You could see a centaur.

Vanquished Creatures
  The ghost of Alfie the Shield-Bearer, an amateur HOFi (D:4)
  An ice beast (D:5)
  A necrophage (D:5)
  The ghost of Alfie the Skirmisher, an amateur HOFi (D:3)
  A phantom (D:4)
  A centaur (D:5)
  5 ogres
  A scorpion (D:4)
  2 hounds (D:4)
  A centaur skeleton (D:5)
  2 iguanas
  2 worker ants (D:4)
  A hound skeleton (D:5)
  Robin (D:2)
  6 adders
  An ooze (D:2)
  3 worms
  2 dart slugs (D:1)
  4 leopard geckos
  2 orcs (D:3)
  11 bats
  3 giant cockroaches
  20 goblins
  7 hobgoblins
  7 jackals
  3 quokkas
  A ball python (D:1)
  A ball python skeleton (D:5)
  3 frilled lizards
  7 kobolds
  A quokka skeleton (D:5)
  5 rats
108 creatures vanquished.

Notes
Turn   | Place    | Note
-------+----------+-------------------------------------------
     0 | D:1      | Alfie the Hill Orc Fighter began the quest for the Orb.
     0 | D:1      | Reached XP level 1. HP: 19/19 MP: 1/1
   117 | D:1      | Reached XP level 2. HP: 27/27 MP: 2/2
   269 | D:1      | Reached XP level 3. HP: 30/33 MP: 3/3
  1189 | D:2      | Reached XP level 4. HP: 40/40 MP: 4/4
  1192 | D:2      | Noticed Robin
  1243 | D:2      | Killed Robin
  1281 | D:2      | Found a sacrificial altar of Ru.
  1574 | D:2      | Found a white marble altar of Elyvilon.
  1678 | D:2      | Reached XP level 5. HP: 43/47 MP: 5/5
  1764 | D:2      | Found a glowing silver altar of Zin.
  2280 | D:3      | Found a shadowy altar of Dithmenos.
  2291 | D:3      | Noticed Alfie's ghost (amateur HOFi)
  2312 | D:3      | Killed Alfie's ghost
  2312 | D:3      | Reached XP level 6. HP: 44/53 MP: 6/6
  2418 | D:3      | Found an ancient bone altar of Kikubaaqudgha.
  2754 | D:4      | Reached skill level 5 in Fighting
  2754 | D:4      | Reached skill level 1 in Dodging
  2843 | D:4      | Noticed a phantom
  2981 | D:4      | Killed a phantom
  2981 | D:4      | Reached skill level 5 in Shields
  2981 | D:4      | Reached XP level 7. HP: 27/61 MP: 7/7
  2992 | D:4      | Reached skill level 5 in Armour
  3003 | D:4      | Noticed Alfie's ghost (amateur HOFi)
  3027 | D:4      | Killed Alfie's ghost
  3027 | D:4      | Reached skill level 5 in Short Blades
  3028 | D:4      | Gained mutation: You passively map a small area around you. [potion of mutation]
  3028 | D:4      | Gained mutation: You are frail. (-10% HP) [potion of mutation]
  3028 | D:4      | Lost mutation: You are frail. (-10% HP) [potion of mutation]
  3028 | D:4      | Gained mutation: You have a pair of small horns on your head. [potion of mutation]
  3164 | D:4      | Reached XP level 8. HP: 17/69 MP: 3/8
  3369 | D:4      | Found a basalt altar of Yredelemnul.
  3596 | D:4      | Found a burning altar of Makhleb.
  3693 | D:5      | Entered Level 5 of the Dungeon
  3728 | D:5      | Found a large runed door.
  3729 | D:5      | Found a large runed door.
  3794 | D:5      | Found an ancient bone altar of Kikubaaqudgha.
  3957 | D:5      | Found a large runed door.
  3957 | D:5      | Found a large runed door.
  4427 | D:5      | Slain by a centaur

Skill      XL: |  1  2  3  4  5  6  7  8 |
---------------+-------------------------+-----
Fighting       | 4 5 6 |  6.3
Shields        | 4 5 6 |  6.1
Armour         | 4 5 6 |  6.3
Short Blades   | 3 4 5 6 |  6.6
Dodging        | 1 2 |  2.0
Stealth        | |  0.1

Action                   |  1- 3 |  4- 6 |  7- 9 || total
-------------------------+-------+-------+-------++-------
Melee: Rapier            |   160 |   188 |   107 ||   455
       Headbutt          |       |       |    22 ||    22
Throw: Tomahawk          |       |       |     3 ||     3
  Use: Scroll            |     1 |     3 |     4 ||     8
       Potion            |       |     1 |     5 ||     6
  Eat: Fruit             |     1 |       |       ||     1
       Royal jelly       |       |     1 |       ||     1
       Bread ration      |       |     1 |     1 ||     2
Armor: Scale mail        |    97 |    82 |    18 ||   197
Dodge: Dodged            |    74 |    63 |    18 ||   155
Block: Shield            |   113 |   111 |    48 ||   272
